 Dungeon Crawl Stone Soup version 0.21-a0-504-g2eda330 (webtiles) character file.

67 Goblin1989 the Insei (level 4, 12/35 HPs)
             Began as a Demonspawn Monk on Nov 25, 2017.
             Quit the game on level 2 of the Dungeon.
             The game lasted 00:04:37 (2179 turns).

Goblin1989 the Insei (Demonspawn Monk)              Turns: 2179, Time: 00:04:38

Health: 12/35      AC:  5    Str: 13    XL:     4   Next: 0%
Magic:  4/4        EV: 11    Int: 11    God:
Gold:   31         SH:  0    Dex: 15    Spells: 3/3 levels left

rFire    . . .     SeeInvis .     - Unarmed
rCold    . . .     Gourm    .   (no shield)
rNeg     . . .     Faith    .   i - +0 ring mail
rPois    .         Spirit   +   (helmet restricted)
rElec    .         Reflect  .   (no cloak)
rCorr    .         Harm     .   (no gloves)
MR       .....                  (no boots)
Stlth    +.........             (no amulet)
HPRegen  0.11/turn              (no ring)
MPRegen  0.09/turn              (no ring)

@: no status effects
A: horns 1, magic shield
a: no special abilities


You were on level 2 of the Dungeon.
You were not hungry.

You visited 1 branch of the dungeon, and saw 3 of its levels.

You collected 31 gold pieces.

Inventory:

Hand Weapons
 h - a +0 hunting sling
Missiles
 p - 2 javelins (quivered)
Armour
 a - a +0 robe
 i - a +0 ring mail (worn)
Scrolls
 k - a scroll of magic mapping {unknown}
 l - 2 scrolls of amnesia {unknown}
 n - a scroll of enchant weapon {unknown}
 o - a scroll of enchant armour {unknown}
Potions
 j - a potion of lignification {unknown}
 q - a potion of flight {unknown}
Comestibles
 e - 2 bread rations {@e1}
 g - 2 royal jellies
 r - 6 chunks of flesh


   Skills:
 - Level 3.0 Fighting
 - Level 2.6 Dodging
 - Level 1.7 Stealth
 + Level 4.4 Unarmed Combat


You had 3 spell levels left.
You didn't know any spells.

Dungeon Overview and Level Annotations

Branches:
Dungeon (3/15)

Altars:
Makhleb


Innate Abilities, Weirdness & Mutations

You have a pair of small horns on your head.
When hurt, damage is shared between your health and your magic reserves.


Message History

The leopard gecko hisses angrily.
You are too injured to fight recklessly!
You are too injured to fight recklessly!
You are too injured to fight recklessly!
You are too injured to fight recklessly!
You are too injured to fight recklessly!
You are too injured to fight recklessly!
You are too injured to fight recklessly!
You are too injured to fight recklessly!
You are too injured to fight recklessly!
You are too injured to fight recklessly!
You are too injured to fight recklessly!
You are too injured to fight recklessly!
You are too injured to fight recklessly!
You are too injured to fight recklessly!
You are too injured to fight recklessly!
You are too injured to fight recklessly!
You are too injured to fight recklessly!
You miss the leopard gecko.
The leopard gecko bites you but does no damage.
You closely miss the leopard gecko. The leopard gecko bites you.
You take 2 damage, and have 14/29 hp.
You now have 1/3 mp.
You closely miss the leopard gecko. The leopard gecko barely misses you.
The leopard gecko barely misses you.
You hit the leopard gecko but do no damage.
The leopard gecko barely misses you.
You barely miss the leopard gecko.
The leopard gecko bites you but does no damage.
You hit the leopard gecko.
The leopard gecko is severely wounded.
The leopard gecko barely misses you.
You barely miss the leopard gecko.
The leopard gecko is severely wounded.
The leopard gecko bites you.
You take 1 damage, and have 14/29 hp.
You hit the leopard gecko.
The leopard gecko is almost dead.
The leopard gecko bites you.
* * * LOW HITPOINT WARNING * * *
You take 3 damage, and have 11/29 hp.
You closely miss the leopard gecko.
The leopard gecko is almost dead.
The leopard gecko misses you.
Unknown command.
You barely miss the leopard gecko.
The leopard gecko is almost dead.
The leopard gecko bites you.
* * * LOW HITPOINT WARNING * * *
You take 1 damage, and have 10/29 hp.
Unknown command.
You closely miss the leopard gecko.
The leopard gecko is almost dead.
The leopard gecko bites you.
* * * LOW HITPOINT WARNING * * *
You take 1 damage, and have 9/29 hp.
Unknown command.
You completely miss the leopard gecko.
The leopard gecko is almost dead.
The leopard gecko bites you.
* * * LOW HITPOINT WARNING * * *
The leopard gecko barely misses you.
You take 2 damage, and have 7/29 hp.
MP restored: 3 You barely miss the leopard gecko.
The leopard gecko is almost dead.
The leopard gecko bites you but does no damage.
You barely miss the leopard gecko.
The leopard gecko is almost dead.
The leopard gecko barely misses you. The leopard gecko closely misses you.
The leopard gecko hisses menacingly.
You closely miss the leopard gecko.
The leopard gecko is almost dead.
The leopard gecko misses you. The leopard gecko misses you.
The leopard gecko closely misses you. The leopard gecko closely misses you.
You punch the leopard gecko!
You kill the leopard gecko!
You have reached level 4!
You feel stronger.
You feel monstrous as your demonic heritage exerts itself.
Your demonic ancestry asserts itself...
A pair of horns grows on your head!
You regained 2 hp, and now have 11/35 hp.
MP restored: 4 Throwing (i - inventory):
p - 5 javelins (quivered)
Press: ? - help, Shift-Dir - straight line, f - worm
Aim: a worm You throw a javelin.
The javelin hits the worm.
The worm is moderately wounded.
Throwing (i - inventory):
p - 4 javelins (quivered)
Press: ? - help, Shift-Dir - straight line, f/p - worm
Aim: a worm (lightly wounded)
You throw a javelin.
The javelin hits the worm but does no damage.
The worm is lightly wounded.
Throwing (i - inventory):
p - 3 javelins (quivered)
Press: ? - help, Shift-Dir - straight line, f/p - worm
Aim: a worm (lightly wounded)
You throw a javelin. The javelin barely misses the worm.
Are you sure you want to abandon this character and quit the game? (Confirm with "yes".)

..........███......█
...........██......█████████
........██..█........█.....██
.......██ █............<....██
█████████████................█
.... .....................█
....██....................█
....................).....█
.............@.w.((.(.....█
..........................█
.........................██
.......>..........█.....██
..............███████████
..............█
...$..........█
....██.....████ ███.


████)██ You could see a worm.

Vanquished Creatures
  A gnoll (D:1)
  An adder (D:2)
  A worm (D:2)
  2 dart slugs
  A leopard gecko (D:2)
  3 bats
  2 giant cockroaches
  3 goblins
  5 hobgoblins
  4 jackals (D:2)
  7 kobolds
  3 frilled lizards
  6 rats
39 creatures vanquished.

Notes
Turn   | Place    | Note
-------+----------+-------------------------------------------
     0 | D:1      | Goblin1989 the Demonspawn Monk began the quest for the Orb.
     0 | D:1      | Reached XP level 1. HP: 18/18 MP: 1/1
   126 | D:1      | Reached skill level 3 in Unarmed Combat
   334 | D:1      | Gained mutation: When hurt, damage is shared between your health and your magic reserves. [demonic ancestry]
   334 | D:1      | Reached XP level 2. HP: 23/24 MP: 2/2
   993 | D:2      | Found a burning altar of Makhleb.
  1600 | D:2      | Reached XP level 3. HP: 29/29 MP: 3/3
  1932 | D:1      | Reached skill level 4 in Unarmed Combat
  2175 | D:2      | Gained mutation: You have a pair of small horns on your head. [demonic ancestry]
  2175 | D:2      | Reached XP level 4. HP: 11/35 MP: 4/4
  2179 | D:2      | Quit the game

Vault maps used:
D:1:      erik_arrival_blinker_ship
D:2:      cheibrodos_greedy_goblins, bloody_makhleb
D:3:      first_bread, corexii_shack, uniq_jessica

Skill      XL: |  1  2  3 |
---------------+----------+-----
Unarmed Combat | 3 4 |  4.4
Fighting       | |  3.0
Dodging        | |  2.6
Stealth        | |  1.7

Action                   |  1- 3 |  4- 6 || total
-------------------------+-------+-------++-------
Melee: Unarmed           |   206 |       ||   206
       Punch             |     3 |       ||     3
Throw: Javelin           |     3 |     3 ||     6
 Stab: Sleeping          |     1 |       ||     1
  Eat: Chunk             |     4 |       ||     4
Armor: Robe              |     3 |       ||     3
       Ring mail         |    66 |       ||    66
Dodge: Dodged            |   130 |       ||   130

Table legend:
 A = Spawn XP
 B = Non-spawn XP
 C = Spawn XP percentage of total XP
 D = Spawn monster count
 E = Non-spawn monster count
 F = Spawn count percentage of total count
 G = Total turns spent on level
                    A         B        C        D         E        F      G
               +---------+---------+-------+---------+---------+-------+---------
         Total |       0 |      97 |   0.0 |       0 |      39 |   0.0 |  2179
               +---------+---------+-------+---------+---------+-------+---------
           D:1 |       0 |      39 |   0.0 |       0 |      17 |   0.0 |  1607
           D:2 |       0 |      52 |   0.0 |       0 |      20 |   0.0 |   547
           D:3 |       0 |       6 |   0.0 |       0 |       2 |   0.0 |    25
               +---------+---------+-------+---------+---------+-------+---------

Vault maps used:
D:1:      erik_arrival_blinker_ship
D:2:      cheibrodos_greedy_goblins, bloody_makhleb
D:3:      first_bread, corexii_shack, uniq_jessica
